[Event "Titled Tuesday Blitz May 16 Early 2023"]
[White "Florescu, Codrut-Constantin"]
[Black "Bogaudinov, Rushan"]
[WhiteFideId "1202200"]
[BlackFideId "4129288"]
[WhiteElo "2191"]
[BlackElo "1941"]
[Result "0-1"]
[Round "04"]
[TimeControl "180+2"]
[Date "2023.05.16"]
[WhiteClock "0:00:02"]
[BlackClock "0:00:12"]

1. c4 e5 2. Nc3 Nc6 3. g3 g6 4. Bg2 Bg7 5. d3 Nge7 6. Nf3 O-O 7. O-O d6 8. Rb1 a5 9. a3 Bg4 10. Nd2 Rb8 11. h3 Be6 12. b4 axb4 13. axb4 Qd7 14. Kh2 f5 15. b5 Nd8 16. Nd5 f4 17. Ne4 Nxd5 18. cxd5 fxg3+ 19. Nxg3 Bf7 20. Be3 b6 21. Qc2 Nb7 22. Qc6 Qe7 23. Ne4 Be8 24. Qc2 Nc5 25. Nxc5 bxc5 26. Qa4 Rb6 27. Bf3 Bd7 28. Rg1 Rfb8 29. Bg5 Qf7 30. Rg2 Bxb5 31. Qh4 Bxd3 32. Rxb6 Rxb6 33. Bd8 e4 34. Bxe4 Be5+ 35. Kh1 Rb1+ 36. Rg1 Bxe4+ 37. Qxe4 Qxf2 38. Qg2 Rxg1+ 39. Qxg1 Qxe2 40. Bxc7 c4 41. Qg2 Qe1+ 42. Qg1 Qe4+ 43. Qg2 Qb1+ 44. Qg1 Qd3 45. Qg2 c3 0-1


[Site "https://www.chess.com"]

[Event "Titled Tuesday Blitz May 16 Early 2023"]
[White "Vaglio Munoz, Jaime"]
[Black "Martinez Ramirez, Lennis"]
[WhiteFideId "6500145"]
[BlackFideId "3509079"]
[WhiteElo "2199"]
[BlackElo "2410"]
[Result "0-1"]
[Round "04"]
[TimeControl "180+2"]
[Date "2023.05.16"]
[WhiteClock "0:00:05"]
[BlackClock "0:00:08"]

1. Nf3 d5 2. c4 d4 3. e3 Nc6 4. exd4 Nxd4 5. d3 Bg4 6. Nbd2 e5 7. Qa4+ Bd7 8. Qd1 Nf6 9. Nxd4 exd4 10. Be2 Bd6 11. O-O O-O 12. h3 a5 13. Bf3 c6 14. b3 Bf5 15. Qc2 Re8 16. Bb2 Bc7 17. a3 Qd6 18. g3 Bxh3 19. Rfe1 h5 20. c5 Qd7 21. b4 h4 22. Qc4 Rad8 23. Rxe8+ Nxe8 24. Ne4 Qf5 25. Bg2 Bxg2 26. Kxg2 Nf6 27. Re1 h3+ 28. Kf1 Nxe4 29. Rxe4 Bxg3 30. Bxd4 h2 31. Kg2 Bxf2 32. Kxh2 Bxd4 33. Kg2 Qf2+ 34. Kh3 Qf3+ 35. Kh4 Bf2+ 36. Kg5 Be3+ 37. Kh4 Bf2+ 38. Kg5 Rd5+ 39. Qxd5 cxd5 40. Rf4 Be3 41. Kf5 Qxf4# 0-1


[Site "https://www.chess.com"]

[Event "Titled Tuesday Blitz May 16 Early 2023"]
[White "Skliarov, Viktor"]
[Black "I_KID_you_not"]
[WhiteFideId "14106736"]
[WhiteElo "2317"]
[BlackElo "2324"]
[Result "1/2-1/2"]
[Round "04"]
[TimeControl "180+2"]
[Date "2023.05.16"]
[WhiteClock "0:00:19"]
[BlackClock "0:00:30"]

1. e4 c5 2. Nf3 Nc6 3. Bb5 Nf6 4. Bxc6 dxc6 5. d3 g6 6. h3 Bg7 7. O-O O-O 8. Nbd2 b6 9. a4 a5 10. Nc4 Ba6 11. Ne3 Qc7 12. Bd2 e5 13. b3 Nh5 14. Nc4 Rae8 15. Re1 Nf4 16. Rb1 Ne6 17. Qc1 Nd4 18. Nxd4 cxd4 19. Bh6 f6 20. Bxg7 Kxg7 21. Rf1 b5 22. Nb2 f5 23. exf5 Rxf5 24. Qd2 b4 25. Rbe1 c5 26. f4 Ref8 27. fxe5 Rxf1+ 28. Rxf1 Rxf1+ 29. Kxf1 Qxe5 30. Nc4 Bxc4 31. bxc4 h5 32. Kf2 h4 33. Qe2 Qg3+ 34. Kg1 Qf4 35. Qe7+ Kh6 36. Qxc5 Qc1+ 37. Kh2 Qf4+ 38. Kg1 Qc1+ 39. Kh2 Qf4+ 40. Kg1 1/2-1/2


[Site "https://www.chess.com"]

[Event "Titled Tuesday Blitz May 16 Early 2023"]
[White "Buscar, Michael"]
[Black "Alex_Sahakyan2006"]
[WhiteFideId "2603616"]
[WhiteElo "2010"]
[BlackElo "2643"]
[Result "0-1"]
[Round "04"]
[TimeControl "180+2"]
[Date "2023.05.16"]
[WhiteClock "0:00:00"]
[BlackClock "0:00:34"]

1. d4 Nf6 2. c4 c5 3. d5 b5 4. cxb5 a6 5. bxa6 e6 6. dxe6 fxe6 7. g3 d5 8. Nf3 Bxa6 9. Bh3 Qb6 10. O-O Be7 11. Ng5 Bc8 12. b3 h6 13. Nf3 O-O 14. Bb2 d4 15. Nbd2 Ba6 16. Ne5 Nbd7 17. Ndc4 Bxc4 18. Nxc4 Qa6 19. e3 e5 20. Re1 Rae8 21. exd4 cxd4 22. Nxe5 Bb4 23. Nxd7 Rxe1+ 24. Qxe1 Bxe1 25. Nxf8 Qe2 26. Bxd4 Kxf8 27. Bf1 Qe4 28. Bc5+ Kg8 29. a4 Ng4 30. Rc1 Ne5 31. Bg2 Qe2 32. Bd4 Nd3 33. Rc8+ Kh7 34. Rf8 Bb4 35. Rf7 Qd1+ 36. Bf1 Ne1 37. Rxg7+ Kh8 38. Rd7+ Qxd4 39. Rxd4 Nf3+ 40. Kg2 Nxd4 41. Bc4 Kg7 0-1


[Site "https://www.chess.com"]

[Event "Titled Tuesday Blitz May 16 Early 2023"]
[White "Labussiere, Yago"]
[Black "Antal, Gergely"]
[WhiteFideId "2186969"]
[BlackFideId "717312"]
[WhiteElo "2160"]
[BlackElo "2471"]
[Result "1-0"]
[Round "04"]
[TimeControl "180+2"]
[Date "2023.05.16"]
[WhiteClock "0:00:08"]
[BlackClock "0:00:21"]

1. c4 f5 2. Nc3 Nf6 3. d4 e6 4. Nf3 Bb4 5. Bd2 b6 6. g3 Bb7 7. Bg2 O-O 8. O-O Qe7 9. Rc1 d6 10. Re1 Bxc3 11. Bxc3 Nbd7 12. Nd2 Bxg2 13. Kxg2 Ne4 14. f3 Nxd2 15. Qxd2 Nf6 16. e4 fxe4 17. fxe4 e5 18. d5 Rf7 19. Qe2 Raf8 20. Rf1 Qd7 21. h3 c5 22. b3 a6 23. a4 b5 24. cxb5 axb5 25. a5 b4 26. Bd2 Ra8 27. Ra1 Qc8 28. Bg5 Qa6 29. Qxa6 Rxa6 30. Bxf6 gxf6 31. Rf2 Kg7 32. g4 Kg6 33. Kg3 Rfa7 34. Raf1 Rf7 35. Ra1 h6 36. h4 Kg7 37. h5 Rfa7 38. Raf1 Rf7 39. Ra1 Kf8 40. Kg2 Ke7 41. Kg3 Ra8 42. Kf3 f5 43. gxf5 Rg7 44. Rg2 Rxg2 45. Kxg2 Kf6 46. a6 Ra7 47. Kf3 Kg5 48. Ke3 Kxh5 49. Kd3 Kg4 50. Kc4 h5 51. f6 h4 52. f7 Rxf7 53. a7 Rf8 54. a8=Q Rxa8 55. Rxa8 h3 56. Rh8 Kg3 57. Kb5 Kf4 58. Kc6 Kxe4 59. Kxd6 Kd4 60. Rh4+ e4 61. Rxh3 c4 62. bxc4 e3 63. c5 b3 64. Rh1 e2 65. c6 Kd3 66. c7 b2 67. c8=Q b1=Q 68. Rxb1 e1=Q 69. Rxe1 Kd4 70. Rd1+ Ke3 71. Qc3+ Ke2 72. Rd2+ Ke1 73. Qc1# 1-0


[Site "https://www.chess.com"]

[Event "Titled Tuesday Blitz May 16 Early 2023"]
[White "Lewicki, Miroslaw"]
[Black "Jimenez Fernandez, Rebeca"]
[WhiteFideId "1113380"]
[BlackFideId "32070934"]
[WhiteElo "2212"]
[BlackElo "2008"]
[Result "1-0"]
[Round "04"]
[TimeControl "180+2"]
[Date "2023.05.16"]
[WhiteClock "0:02:23"]
[BlackClock "0:00:14"]

1. b3 e5 2. Bb2 Nc6 3. g3 d6 4. Bg2 g6 5. Nf3 Bg7 6. O-O Be6 7. e4 h6 8. d4 exd4 9. Nxd4 Nxd4 10. Bxd4 Nf6 11. c4 O-O 12. Nc3 Qd7 13. Nd5 Nxd5 14. Bxg7 Kxg7 15. cxd5 Bh3 16. Rc1 Bxg2 17. Kxg2 Rae8 18. Rc4 Re7 19. Qd4+ Kg8 20. Rfc1 Qd8 21. Qf6 Rfe8 22. Rxc7 Rxe4 23. Qxf7+ Kh8 24. Qg7# 1-0


[Site "https://www.chess.com"]

[Event "Titled Tuesday Blitz May 16 Early 2023"]
[White "Korchmar, Vasiliy"]
[Black "Lesbekova, Assel"]
[WhiteFideId "24131750"]
[BlackFideId "13713248"]
[WhiteElo "2370"]
[BlackElo "1805"]
[Result "0-1"]
[Round "04"]
[TimeControl "180+2"]
[Date "2023.05.16"]
[WhiteClock "0:00:00"]
[BlackClock "0:00:07"]

1. e4 c5 2. Nf3 Nc6 3. d4 cxd4 4. Nxd4 e5 5. Nb5 d6 6. c4 Be7 7. Bd3 Be6 8. O-O Rc8 9. Be3 a6 10. N5c3 Nd4 11. Nd5 Nf6 12. Nbc3 Ng4 13. Nxe7 Qxe7 14. Bxd4 exd4 15. Nd5 Qh4 16. h3 Ne5 17. f4 Nxc4 18. Rc1 Nxb2 19. Rxc8+ Bxc8 20. Qc1 Nxd3 21. Qxc8+ Qd8 22. Nc7+ Ke7 23. Nd5+ Ke8 24. Qxb7 Nc5 25. Qb2 f6 26. Qxd4 Kf7 27. Qc4 Kf8 28. e5 Ne6 29. Nxf6 gxf6 30. Qxe6 Qe7 31. Qxd6 Qxd6 32. exd6 Ke8 33. Rb1 Kd7 34. Rb6 a5 35. f5 h6 36. Kf2 Rc8 37. Kf3 Rc2 38. a4 Ra2 39. Rb7+ Kxd6 40. Rh7 Rxa4 41. Rxh6 Ke5 42. g4 Ra3+ 43. Kg2 a4 44. Rh8 Kf4 45. Rb8 Ra2+ 46. Kf1 a3 47. Rb4+ Kg3 48. Rb3+ Kh4 49. Rb4 Rh2 50. Ra4 a2 51. Kg1 Rb2 52. Ra3 Rb1+ 53. Kf2 a1=Q 0-1


[Site "https://www.chess.com"]

[Event "Titled Tuesday Blitz May 16 Early 2023"]
[White "Bernabeu Lopez, Carlos Javier"]
[Black "Garrido, Denis"]
[WhiteFideId "2235366"]
[BlackFideId "601217"]
[WhiteElo "2344"]
[BlackElo "2280"]
[Result "0-1"]
[Round "04"]
[TimeControl "180+2"]
[Date "2023.05.16"]
[WhiteClock "0:02:00"]
[BlackClock "0:01:10"]

1. e4 e5 2. Nf3 Nc6 3. Bb5 a6 4. Ba4 Nf6 5. O-O b5 6. Bb3 Bc5 7. a4 Rb8 8. axb5 axb5 9. Nxe5 Nxe5 10. d4 Bxd4 11. Qxd4 d6 12. Bg5 h6 13. Bh4 c5 14. Qe3 O-O 15. Nc3 Bb7 16. Bd5 Nxd5 17. Bxd8 Nxe3 18. fxe3 Rbxd8 19. Ra7 b4 20. Nd5 Bxd5 21. exd5 Nc4 22. e4 Nxb2 23. Kf2 Nc4 24. Ke2 f6 25. Rfa1 Rf7 26. Rxf7 Kxf7 27. Ra7+ Kg6 28. g4 Re8 29. Kf3 Nd2+ 30. Ke3 Nxe4 31. Kf4 Nc3 32. h4 Nxd5+ 33. Kg3 Re3+ 34. Kf2 Re7 35. Ra6 Rd7 36. Kf3 h5 37. Kg3 hxg4 38. Kxg4 f5+ 39. Kf3 Kh5 40. Ra1 Re7 41. Rh1 Re3+ 42. Kf2 Rc3 43. Rd1 Rxc2+ 44. Kf3 Nf6 45. Rxd6 Rc3+ 46. Kf4 Kxh4 47. Rd1 b3 48. Rh1+ Rh3 49. Rg1 b2 50. Rb1 Rh2 51. Kxf5 c4 52. Re1 c3 53. Kf4 Rf2+ 54. Ke3 Ng4+ 55. Kd3 c2 0-1


[Site "https://www.chess.com"]

[Event "Titled Tuesday Blitz May 16 Early 2023"]
[White "Jeet, Jain"]
[Black "Brown, Raehanna"]
[WhiteFideId "5073022"]
[BlackFideId "7402740"]
[WhiteElo "2067"]
[BlackElo "1655"]
[Result "1-0"]
[Round "04"]
[TimeControl "180+2"]
[Date "2023.05.16"]
[WhiteClock "0:00:39"]
[BlackClock "0:00:10"]

1. b4 Nf6 2. Bb2 g6 3. e3 Bg7 4. c4 O-O 5. Nf3 a5 6. b5 b6 7. d4 c6 8. a4 d5 9. cxd5 Nxd5 10. Na3 cxb5 11. Bxb5 Bb7 12. O-O Nc6 13. Nc4 Rc8 14. Nce5 Nxe5 15. Nxe5 Nb4 16. Rc1 Qd5 17. f3 Rxc1 18. Qxc1 Rc8 19. Bc4 Rxc4 20. Nxc4 Ba6 21. Nxb6 Qe6 22. Qc7 Bxf1 23. Bc1 Ba6 24. Qd8+ Bf8 25. Nd7 Kg7 26. Qxf8# 1-0


[Site "https://www.chess.com"]

[Event "Titled Tuesday Blitz May 16 Early 2023"]
[White "Sanchez, Robert"]
[Black "OPQRC"]
[WhiteFideId "2034360"]
[WhiteElo "1873"]
[BlackElo "2553"]
[Result "0-1"]
[Round "04"]
[TimeControl "180+2"]
[Date "2023.05.16"]
[WhiteClock "0:01:52"]
[BlackClock "0:00:16"]

1. e4 c5 2. Nf3 Nc6 3. d4 cxd4 4. Nxd4 Nf6 5. Nc3 e6 6. Ndb5 Bb4 7. a3 Bxc3+ 8. Nxc3 d5 9. exd5 exd5 10. Bd3 O-O 11. O-O h6 12. Bf4 Bg4 13. f3 Be6 14. Rb1 Rc8 15. Re1 Re8 16. Qd2 Qb6+ 17. Kh1 a6 18. Bxh6 gxh6 19. Qxh6 Qd8 20. Re2 Nd4 21. Re5 Bf5 22. Rxf5 Nxf5 23. Bxf5 Rc4 24. Rd1 Rc6 25. h3 Re5 26. g4 Qf8 27. Qxf8+ Kxf8 28. Nxd5 0-1


[Site "https://www.chess.com"]

[Event "Titled Tuesday Blitz May 16 Early 2023"]
[White "Shvedova, Alexandra"]
[Black "Bluebaum, Matthias"]
[WhiteFideId "54154782"]
[BlackFideId "24651516"]
[WhiteElo "1973"]
[BlackElo "2639"]
[Result "0-1"]
[Round "04"]
[TimeControl "180+2"]
[Date "2023.05.16"]
[WhiteClock "0:00:02"]
[BlackClock "0:00:32"]

1. e4 e6 2. d4 d5 3. Nd2 c5 4. exd5 Qxd5 5. Ngf3 cxd4 6. Bc4 Qd6 7. O-O Nf6 8. Nb3 Nc6 9. Nbxd4 Nxd4 10. Nxd4 Be7 11. Re1 O-O 12. c3 Qc7 13. Qe2 b6 14. Bb3 Bb7 15. Bg5 Rae8 16. Bh4 Ne4 17. Bxe7 Rxe7 18. f3 Nf6 19. Rad1 Nd5 20. Qe5 Qxe5 21. Rxe5 Rd7 22. Kf2 Rfd8 23. Rde1 a6 24. g3 b5 25. a3 g6 26. h4 Rd6 27. h5 Nb6 28. hxg6 hxg6 29. f4 Bd5 30. Bd1 Kg7 31. g4 Rh8 32. Kg3 Rh7 33. f5 Nc4 34. R5e2 gxf5 35. gxf5 e5 36. Nf3 Bxf3 37. Kxf3 Kf6 38. b3 Rd3+ 39. Kg2 Nd6 40. Rxe5 Nxf5 41. Rxf5+ Kxf5 42. Bc2 Rh3 43. Rf1+ Ke6 44. Bxd3 Rxd3 45. Rc1 f5 46. Kf2 f4 47. a4 bxa4 48. bxa4 Kd5 49. Rb1 Rxc3 50. Rb6 a5 51. Rb5+ Rc5 52. Rb8 Ke4 53. Rb7 Rc2+ 54. Kf1 Ra2 55. Rb5 Rxa4 56. Kf2 Ra2+ 57. Kf1 a4 58. Ke1 Ke3 59. Re5+ Kd4 60. Ra5 Ke3 61. Re5+ Kf3 62. Ra5 Ra1+ 63. Kd2 Kf2 64. Kc3 f3 0-1


[Site "https://www.chess.com"]

[Event "Titled Tuesday Blitz May 16 Early 2023"]
[White "Santarius, Erik"]
[Black "Antipov, Mikhail Al."]
[WhiteFideId "2025817"]
[BlackFideId "4107012"]
[WhiteElo "2300"]
[BlackElo "2513"]
[Result "0-1"]
[Round "04"]
[TimeControl "180+2"]
[Date "2023.05.16"]
[WhiteClock "0:00:04"]
[BlackClock "0:00:16"]

1. e4 c5 2. Nf3 e6 3. c3 Nf6 4. Bd3 d5 5. exd5 Nxd5 6. O-O Be7 7. Bb5+ Bd7 8. Bxd7+ Qxd7 9. d4 cxd4 10. Qxd4 O-O 11. Nbd2 Nc6 12. Qe4 Rad8 13. Nc4 Nf6 14. Qe2 Qc7 15. Bg5 Rd5 16. Bh4 Nh5 17. Bg3 Nxg3 18. hxg3 Rfd8 19. Ne3 R5d7 20. Rfd1 Bc5 21. Rxd7 Rxd7 22. Re1 Ne5 23. Nxe5 Qxe5 24. Rd1 Rxd1+ 25. Qxd1 g6 26. Ng4 Qd6 27. Nf6+ Kh8 28. Qf3 Qe7 29. Ne4 Bb6 30. Qf4 Kg7 31. Qd6 Bd8 32. Qe5+ f6 33. Qb8 a6 34. Nd6 b5 35. a3 Qd7 36. Qb7 Qxb7 37. Nxb7 Be7 38. Na5 Kf7 39. Nc6 Bd6 40. Kf1 Ke8 41. Ke2 Kd7 42. Nd4 h5 43. Kd3 e5 44. Nc2 Bc5 45. Ke2 Ke6 46. b3 g5 47. a4 bxa4 48. bxa4 Kd5 49. Ne3+ Bxe3 50. Kxe3 f5 51. Kd3 g4 52. Ke3 Kc4 53. Kd2 a5 54. Kc2 f4 55. Kd2 fxg3 56. fxg3 e4 57. Ke3 Kxc3 58. Kxe4 Kb4 59. Kf5 Kxa4 60. Kg5 Kb4 61. Kxh5 a4 0-1


[Site "https://www.chess.com"]

[Event "Titled Tuesday Blitz May 16 Early 2023"]
[White "Ivic, Velimir"]
[Black "Tomiello, Mateus Costamilan"]
[WhiteFideId "950122"]
[BlackFideId "22701958"]
[WhiteElo "2563"]
[BlackElo "1990"]
[Result "1-0"]
[Round "04"]
[TimeControl "180+2"]
[Date "2023.05.16"]
[WhiteClock "0:01:12"]
[BlackClock "0:00:00"]

1. e4 e5 2. Nf3 Nc6 3. Bb5 Nf6 4. d3 Bc5 5. Nbd2 d6 6. c3 Bd7 7. O-O O-O 8. Re1 a6 9. Ba4 b5 10. Bc2 Ng4 11. Re2 Bxf2+ 12. Rxf2 Ne3 13. Qe2 Nxc2 14. Rb1 Be6 15. b3 b4 16. Nc4 Na3 17. Nxa3 bxa3 18. Bxa3 f5 19. Rbf1 f4 20. d4 Bf7 21. dxe5 Re8 22. exd6 cxd6 23. Nd2 g5 24. g3 d5 25. gxf4 dxe4 26. Qe3 Qd3 27. Bc5 Qxe3 28. Bxe3 g4 29. Rg2 h5 30. h3 Rad8 31. hxg4 Rd3 32. gxh5+ Kh7 33. Kf2 Rxc3 34. Rfg1 Rg8 35. Rxg8 Bxg8 36. h6 Bd5 37. f5 Rc2 38. Rg7+ Kh8 39. Kg3 Rxa2 40. Rd7 Bg8 41. Nxe4 Ne5 42. Bd4 Ra5 43. Re7 Bxb3 44. Bxe5+ 1-0


[Site "https://www.chess.com"]

[Event "Titled Tuesday Blitz May 16 Early 2023"]
[White "Kubicka, Anna"]
[Black "Pakleza, Zbigniew"]
[WhiteFideId "1152254"]
[BlackFideId "1119290"]
[WhiteElo "2144"]
[BlackElo "2410"]
[Result "0-1"]
[Round "04"]
[TimeControl "180+2"]
[Date "2023.05.16"]
[WhiteClock "0:00:03"]
[BlackClock "0:00:08"]

1. e4 d5 2. exd5 Nf6 3. Nf3 Nxd5 4. Be2 Bf5 5. d3 e6 6. O-O Be7 7. Nc3 O-O 8. Nxd5 exd5 9. Bf4 c5 10. d4 Nc6 11. c3 Re8 12. Re1 Qb6 13. Qd2 Rad8 14. Be3 c4 15. Bf4 Be4 16. Ne5 Nxe5 17. Bxe5 Qg6 18. f3 Bf5 19. Bf1 h5 20. Bf4 b5 21. Re5 f6 22. Re3 Qf7 23. Rae1 g5 24. Bc7 Rc8 25. Bg3 h4 26. Bf2 Bd6 27. Rxe8+ Rxe8 28. Rxe8+ Qxe8 29. Be3 Kf7 30. Be2 Qb8 31. h3 b4 32. Bd1 bxc3 33. bxc3 Qb1 34. Kf2 Bg3+ 35. Kg1 a5 36. a4 Ke6 37. Qc1 Qa2 38. Qd2 Qa1 39. Qc1 Qa2 40. Qd2 Qa3 41. Qc1 Qd6 42. Qd2 Kd7 43. Qb2 Kc7 44. Qb5 Be1 45. Qxa5+ Kd7 46. Qa7+ Ke6 47. Qa8 Kf7 48. Qh8 Bxc3 49. Qh5+ Bg6 50. Qg4 Qe6 51. Qxe6+ Kxe6 52. Bc1 Bxd4+ 53. Kf1 Bc5 54. Ke2 d4 55. a5 d3+ 56. Kd2 Bb4+ 57. Ke3 Bxa5 58. Bd2 Bb6# 0-1


[Site "https://www.chess.com"]

[Event "Titled Tuesday Blitz May 16 Early 2023"]
[White "Kuzmin, Roman"]
[Black "Molina, Roberto Junio Brito"]
[WhiteFideId "44134932"]
[BlackFideId "2109450"]
[WhiteElo "2122"]
[BlackElo "2376"]
[Result "1-0"]
[Round "04"]
[TimeControl "180+2"]
[Date "2023.05.16"]
[WhiteClock "0:00:22"]
[BlackClock "0:00:10"]

1. e4 c5 2. Nf3 e6 3. d4 cxd4 4. Nxd4 Nc6 5. Nc3 Qc7 6. Be3 a6 7. Qd2 Nf6 8. O-O-O Bb4 9. f3 O-O 10. Nb3 Na5 11. Nxa5 Qxa5 12. a3 Bxc3 13. Qxc3 Qxc3 14. bxc3 d5 15. Bc5 Re8 16. exd5 Nxd5 17. c4 Nf6 18. g4 Nd7 19. Be3 Ne5 20. Be2 Nc6 21. f4 e5 22. f5 f6 23. Rd6 Kf7 24. Rhd1 g6 25. Rf1 gxf5 26. gxf5 Nd4 27. Bh5+ Ke7 28. Rb6 Rd8 29. c3 Nxf5 30. Bc5+ Kd7 31. Rxf5 Kc7 32. Rfxf6 Rd7 33. Rbd6 Rg7 34. Bb6+ Kb8 35. Rf8 1-0


[Site "https://www.chess.com"]

[Event "Titled Tuesday Blitz May 16 Early 2023"]
[White "Chernomordik, Pavel"]
[Black "Bondau"]
[WhiteFideId "2804530"]
[WhiteElo "2193"]
[BlackElo "2766"]
[Result "0-1"]
[Round "04"]
[TimeControl "180+2"]
[Date "2023.05.16"]
[WhiteClock "0:00:00"]
[BlackClock "0:00:09"]

1. e4 c5 2. Nc3 Nc6 3. Bb5 g6 4. Bxc6 dxc6 5. f4 Bg7 6. Nf3 Nf6 7. O-O O-O 8. Qe2 Nd7 9. d3 b6 10. e5 Nb8 11. a4 Na6 12. a5 Rb8 13. axb6 axb6 14. Ng5 Nc7 15. Be3 h6 16. Nge4 Ne6 17. Qf2 Nd4 18. Nd1 Nf5 19. g4 Nxe3 20. Nxe3 Qd4 21. b3 b5 22. Ra7 Rb7 23. Ra8 Rc7 24. Rd1 b4 25. h3 Be6 26. Rxf8+ Bxf8 27. f5 Bd5 28. fxg6 fxg6 29. Rf1 Rc8 30. Nc4 Qxf2+ 31. Kxf2 Bxe4 32. dxe4 Rd8 33. Ke3 h5 34. gxh5 Bh6+ 35. Ke2 gxh5 36. Ra1 Rd4 37. Kf3 Kf7 38. Ra6 Rd1 39. Rxc6 Bg5 40. Rxc5 Bh4 41. e6+ Kg6 42. Rxh5 Kxh5 0-1


[Site "https://www.chess.com"]

[Event "Titled Tuesday Blitz May 16 Early 2023"]
[White "Tanenbaum, Zachary"]
[Black "Yelisieiev, Yevhenii"]
[WhiteFideId "2060850"]
[BlackFideId "14139642"]
[WhiteElo "2175"]
[BlackElo "2403"]
[Result "1/2-1/2"]
[Round "04"]
[TimeControl "180+2"]
[Date "2023.05.16"]
[WhiteClock "0:00:05"]
[BlackClock "0:00:06"]

1. e4 d6 2. d4 Nf6 3. Nc3 e5 4. Nf3 Nbd7 5. Bc4 Be7 6. O-O O-O 7. a4 c6 8. Re1 a5 9. h3 Nb6 10. dxe5 Nxc4 11. exf6 Bxf6 12. Qd3 Ne5 13. Nxe5 dxe5 14. Qg3 Be6 15. Be3 Qc7 16. Bg5 Bxg5 17. Qxg5 f6 18. Qe3 Rfd8 19. Red1 Rxd1+ 20. Rxd1 Rd8 21. Rxd8+ Qxd8 22. Qc5 h6 23. Kh2 Kh7 24. Ne2 Qd2 25. Ng3 Qb4 26. Qxb4 axb4 27. a5 Kg6 28. Ne2 Bc4 29. Nc1 f5 30. exf5+ Kxf5 31. Kg3 Ke4 32. b3 Bb5 33. Na2 c5 34. c3 c4 35. cxb4 Kd3 36. bxc4 Bxc4 37. Nc1+ Kc2 38. Kg4 Kxc1 39. Kf5 Bf1 40. g3 Bxh3+ 41. Kxe5 Kc2 42. b5 Kd3 43. a6 bxa6 44. bxa6 Bg2 45. Kf5 Ke2 46. f4 Kf3 47. Kg6 Kxg3 48. Kxg7 h5 49. f5 h4 50. f6 h3 51. f7 h2 52. f8=Q h1=Q 53. Qd6+ Kf2 54. Qc5+ Kg3 55. Qd6+ Kh3 56. Qh6+ Kg3 57. Qg5+ Kf2 58. Qc5+ Kg3 59. Qg5+ Kf2 60. Qc5+ 1/2-1/2


[Site "https://www.chess.com"]

[Event "Titled Tuesday Blitz May 16 Early 2023"]
[White "Panesar Vedant"]
[Black "Toncheva, Nadya"]
[WhiteFideId "35033018"]
[BlackFideId "2924056"]
[WhiteElo "2347"]
[BlackElo "2101"]
[Result "1-0"]
[Round "04"]
[TimeControl "180+2"]
[Date "2023.05.16"]
[WhiteClock "0:01:01"]
[BlackClock "0:00:10"]

1. e4 c5 2. Nf3 Nc6 3. d4 cxd4 4. Nxd4 g6 5. c4 Bg7 6. Be3 Nf6 7. Nc3 O-O 8. Be2 d6 9. O-O Bd7 10. h3 Nxd4 11. Bxd4 Bc6 12. Qc2 Nd7 13. Bxg7 Kxg7 14. Rad1 Qb6 15. Nd5 Bxd5 16. exd5 Ne5 17. Kh2 g5 18. Qc3 Rac8 19. b4 f6 20. Rc1 Qc7 21. Qg3 Kh8 22. Rc3 b5 23. c5 dxc5 24. bxc5 b4 25. Rc2 Qd7 26. Rd1 Qf5 27. Rdd2 Rfd8 28. Bg4 Nxg4+ 29. Qxg4 Qe5+ 30. g3 f5 31. Qxg5 Rxd5 32. Rxd5 Qxd5 33. Qxe7 Kg8 34. c6 Qe4 35. Qg5+ Kf7 36. Rd2 Qxc6 37. Qxf5+ Kg8 38. Rd7 Qg6 39. Qd5+ Kh8 40. Qd4+ Kg8 41. Rxa7 Rf8 42. Rd7 h5 43. Rd8 Rxd8 44. Qxd8+ Kh7 45. Qe7+ Kg8 46. Qxb4 Qf7 47. Qb3 1-0


[Site "https://www.chess.com"]

[Event "Titled Tuesday Blitz May 16 Early 2023"]
[White "Harshavardhan G B"]
[Black "Pham, Le Thao Nguyen"]
[WhiteFideId "25059009"]
[BlackFideId "12401226"]
[WhiteElo "2323"]
[BlackElo "2286"]
[Result "1-0"]
[Round "04"]
[TimeControl "180+2"]
[Date "2023.05.16"]
[WhiteClock "0:01:24"]
[BlackClock "0:00:10"]

1. e4 c5 2. Nc3 e6 3. g3 a6 4. a4 Nc6 5. Bg2 g6 6. Nge2 Bg7 7. O-O Nge7 8. d3 d6 9. f4 O-O 10. Be3 Nd4 11. Bf2 Nxe2+ 12. Qxe2 Rb8 13. e5 dxe5 14. fxe5 Qc7 15. Rae1 b6 16. g4 Bb7 17. Bxb7 Rxb7 18. Bg3 Nc6 19. Ne4 Kh8 20. Nf6 Qd8 21. c3 b5 22. Qe4 Rb6 23. g5 h5 24. gxh6 Bxh6 25. axb5 axb5 26. Bf4 g5 27. Qh7# 1-0


[Site "https://www.chess.com"]

[Event "Titled Tuesday Blitz May 16 Early 2023"]
[White "Starozhilov, Leonid"]
[Black "Przybylski, Wojciech"]
[WhiteFideId "14106752"]
[BlackFideId "1117599"]
[WhiteElo "2352"]
[BlackElo "2222"]
[Result "1-0"]
[Round "04"]
[TimeControl "180+2"]
[Date "2023.05.16"]
[WhiteClock "0:00:17"]
[BlackClock "0:00:00"]

1. e4 c5 2. Nf3 d6 3. Bb5+ Nd7 4. O-O a6 5. Bxd7+ Qxd7 6. c3 Nf6 7. Re1 e6 8. d4 cxd4 9. cxd4 Be7 10. Nc3 O-O 11. Bg5 h6 12. Bh4 Re8 13. Rc1 b5 14. e5 Nh7 15. Bxe7 Rxe7 16. d5 Bb7 17. Qb3 Rd8 18. Rcd1 Qc7 19. dxe6 Rxe6 20. Nd5 Qc4 21. Qxc4 bxc4 22. Nf4 Ree8 23. exd6 Rxe1+ 24. Nxe1 Nf6 25. f3 Ne8 26. d7 Nf6 27. Rc1 Rxd7 28. Rxc4 a5 29. Rc2 Ba6 30. Kf2 g5 31. Ne2 Nd5 32. Rd2 Nf6 33. Rxd7 Nxd7 34. Nd4 Ne5 35. b3 Kg7 36. Ke3 Kg6 37. g4 h5 38. h3 h4 39. f4 gxf4+ 40. Kxf4 Nd7 41. Nef3 Nf6 42. Nxh4+ Kg7 43. Nhf5+ Kf8 44. Nc6 Nd5+ 45. Ke5 Nc3 46. a4 Bf1 47. h4 Bh3 48. Ne3 Ne2 49. Nxa5 Nc1 50. Kf4 Ne2+ 51. Kf3 Nd4+ 52. Kg3 Bxg4 53. Kxg4 Kg7 54. Nf5+ Kg6 55. Nxd4 f5+ 56. Kf4 Kh5 57. Nc4 Kh6 58. a5 Kh5 59. a6 Kg6 60. a7 1-0


[Site "https://www.chess.com"]

[Event "Titled Tuesday Blitz May 16 Early 2023"]
[White "Lavrik, Dmitry"]
[Black "Balla, Tamas-Kristof"]
[WhiteFideId "24113190"]
[BlackFideId "1208497"]
[WhiteElo "2345"]
[BlackElo "2334"]
[Result "1-0"]
[Round "04"]
[TimeControl "180+2"]
[Date "2023.05.16"]
[WhiteClock "0:00:20"]
[BlackClock "0:00:24"]

1. c4 c5 2. Nf3 Nc6 3. e3 Nf6 4. Nc3 g6 5. d4 cxd4 6. exd4 d5 7. cxd5 Nxd5 8. Bc4 Nxc3 9. Qb3 e6 10. bxc3 Bd7 11. Be2 Na5 12. Qc2 Bg7 13. h4 h5 14. Ba3 Bf8 15. Bxf8 Kxf8 16. c4 Rc8 17. c5 b6 18. O-O Qe7 19. Rac1 Kg7 20. Qb2 bxc5 21. dxc5+ Qf6 22. Qa3 Nc6 23. Rfd1 Rhd8 24. Rd6 Be8 25. Rcd1 Rxd6 26. cxd6 Bd7 27. Bb5 e5 28. Ng5 Rd8 29. Bxc6 Bxc6 30. Qxa7 e4 31. Qc7 Ba4 32. Rd4 Rd7 33. Qc5 e3 34. fxe3 Rb7 35. Rxa4 Rb1+ 36. Kh2 Rd1 37. Rf4 Qa1 38. Rxf7+ 1-0


[Site "https://www.chess.com"]

[Event "Titled Tuesday Blitz May 16 Early 2023"]
[White "Girya, Olga"]
[Black "Hirneise, Jens"]
[WhiteFideId "4195752"]
[BlackFideId "24614734"]
[WhiteElo "2263"]
[BlackElo "2345"]
[Result "0-1"]
[Round "04"]
[TimeControl "180+2"]
[Date "2023.05.16"]
[WhiteClock "0:00:00"]
[BlackClock "0:00:20"]

1. d4 d5 2. Nf3 Nf6 3. c4 e6 4. Nc3 Bb4 5. Qb3 Nc6 6. a3 Bxc3+ 7. Qxc3 Ne4 8. Qc2 O-O 9. g3 f5 10. h4 dxc4 11. Qxc4 Qd5 12. Qxd5 exd5 13. Bf4 Rf7 14. Rc1 Be6 15. e3 Rc8 16. Ng5 Re7 17. Nxe6 Rxe6 18. Bh3 g6 19. g4 Ne7 20. gxf5 Nxf5 21. Bxf5 gxf5 22. Rg1+ Kf7 23. f3 Nf6 24. Kf2 c6 25. Rg5 h6 26. Rxf5 Kg6 27. Re5 Rxe5 28. Bxe5 Kf5 29. Rg1 Nd7 30. Rg7 Nxe5 31. dxe5 Kxe5 32. Rxb7 c5 33. Rxa7 Rb8 34. Re7+ Kd6 35. Rh7 Rxb2+ 36. Kg3 c4 37. Rxh6+ Kc7 38. Rh8 c3 39. Rh7+ Kd6 40. Rh6+ Kc5 41. Rh8 Rb6 0-1


[Site "https://www.chess.com"]